 Dungeon Crawl Stone Soup version 0.23.2-30-g0e89c35649 (webtiles) character file.

Game seed: 12444858657806342009

189 Hivemind the Insei (level 5, 37/37 HPs)
             Began as a Merfolk Transmuter on June 10, 2019.
             Quit the game on level 3 of the Dungeon.
             The game lasted 00:10:47 (2422 turns).

Hivemind the Insei (Merfolk Transmuter)             Turns: 2422, Time: 00:10:48

Health: 37/37      AC:  2    Str: 11    XL:     5   Next: 68%
Magic:  8/8        EV: 10    Int: 13    God:
Gold:   94         SH:  6    Dex: 14    Spells: 5/8 levels left

rFire    . . .     SeeInvis .     - Unarmed
rCold    . . .     Gourm    .   n - +0 shield (curse)
rNeg     . . .     Faith    .   b - +0 robe
rPois    .         Spirit   .   (no helmet)
rElec    .         Reflect  .   (no cloak)
rCorr    .         Harm     .   (no gloves)
MR       .....                  (no boots)
Stlth    +.........             (no amulet)
HPRegen  0.12/turn              (no ring)
MPRegen  0.11/turn              (no ring)

@: no status effects
A: change form in water, swift swim, stealthy swim
a: no special abilities


You were on level 3 of the Dungeon.
You were not hungry.

You visited 1 branch of the dungeon, and saw 3 of its levels.

You collected 94 gold pieces.

Inventory:

Missiles
 a - 21 arrows
 f - 109 stones (quivered)
Armour
 b - a +0 robe (worn)
 n - a cursed +0 shield (worn)
Scrolls
 c - 5 scrolls of identify {unknown}
 e - 2 scrolls of teleportation {unknown}
 g - 3 scrolls of magic mapping {unknown}
 j - a scroll of noise {unknown}
Potions
 h - a potion of heal wounds {unknown}
 i - a potion of might {unknown}
 k - 2 potions of haste {unknown}
 l - 2 potions of agility {unknown}
Comestibles
 d - 6 rations
 m - 2 chunks of flesh


   Skills:
 - Level 1.1 Fighting
 - Level 2.6 Dodging
 + Level 0.0 Shields
 + Level 5.9 Unarmed Combat
 - Level 2.0 Spellcasting
 + Level 4.8 Transmutations


You had 5 spell levels left.
You knew the following spells:

 Your Spells              Type           Power        Failure   Level  Hunger
a - Beastly Appendage     Tmut           ##....       24%         1    ##.....
b - Sticks to Snakes      Tmut           ##......     36%         2    ###....

Your spell library contained the following spells:

 Spells                   Type           Power        Failure   Level  Hunger
 Spider Form              Tmut/Pois      #.........   90%         3    ####...
 Ice Form                 Ice/Tmut       #.......     100%        4    #####..
 Blade Hands              Tmut           ##........   100%        5    ######.


Dungeon Overview and Level Annotations

Branches:
Dungeon (3/15)

Altars:
Kikubaaqudgha
Qazlal
Ru
The Shining One

Annotations:
D:2 Sigmund


Message History

You see here a bat corpse.
Done exploring.
Done exploring.
Search for what [Enter for "altar", or ? for help]? .
You see here a runed shield.
n - a runed shield Wear which item? (? for menu, Esc to quit)
You start putting on your armour.
You continue putting on your runed shield. x4
You finish putting on your cursed +0 shield.
Oops, that feels deathly cold.
Setting a skill training target for Shields at 15.0.
Are you sure you want to abandon this character and quit the game? (Confirm with "yes".)
Okay, then.
Saving game... please wait.
Welcome back, Hivemind the Merfolk Transmuter.
Press ? for a list of commands and other information.
Are you sure you want to abandon this character and quit the game? (Confirm with "yes".)
Okay, then.
Are you sure you want to abandon this character and quit the game? (Confirm with "yes".)

#.......#......รท.....# ###.....
#.......####...).#.### #.....
#..................############
#######'#.#......#........# #
#.......#.#........#......# #
#.....#.#........#.#......# #
#.....#.#.#.....##.#.############
#.....#.#........#.#....##.....>.
###.....###.#.#.@#.####'##)######
........#.....#..#.#.......#
........#..#.....#.#.......#
.........#.#'###.#.'..(...##
.................###......## ##
.........#.......# #.......#####.
.....#'#.........# #.............
.....#.###.###...# #####.#######.
...........# #...# ###.# ####


There were no monsters in sight!

Vanquished Creatures
  A howler monkey (D:3)
  A centaur skeleton (D:3)
  An orc priest (D:3)
  2 adders
  An ooze (D:1)
  A worm (D:3)
  A dart slug (D:1)
  A leopard gecko (D:3)
  7 orcs (D:3)
  8 bats
  5 giant cockroaches
  7 goblins
  6 hobgoblins
  A quokka (D:3)
  4 frilled lizards
  6 kobolds
  5 rats
58 creatures vanquished.

Vanquished Creatures (collateral kills)
  An ooze (D:3)
  A worm (D:2)
  A leopard gecko (D:3)
  A ball python (D:2)
  2 bats
  A frilled lizard (D:3)
7 creatures vanquished.

Grand Total: 65 creatures vanquished

Notes
Turn   | Place    | Note
-------+----------+-------------------------------------------
     0 | D:1      | Hivemind the Merfolk Transmuter began the quest for the
                  | Orb.
     0 | D:1      | Reached XP level 1. HP: 15/15 MP: 3/3
   239 | D:1      | Reached XP level 2. HP: 21/21 MP: 3/5
   307 | D:1      | Reached skill level 4 in Unarmed Combat
   710 | D:1      | Reached XP level 3. HP: 26/26 MP: 4/6
  1115 | D:2      | Noticed Sigmund
  1120 | D:2      | Found an ancient bone altar of Kikubaaqudgha.
  1135 | D:2      | Learned a level 2 spell: Sticks to Snakes
  1161 | D:2      | Found a sacrificial altar of Ru.
  1161 | D:2      | Found a stormy altar of Qazlal.
  1464 | D:3      | Reached skill level 5 in Unarmed Combat
  1504 | D:3      | Reached XP level 4. HP: 32/32 MP: 3/7
  1722 | D:3      | Reached XP level 5. HP: 20/37 MP: 2/8
  1972 | D:3      | Found a glowing golden altar of the Shining One.
  2422 | D:3      | Quit the game

Skill      XL: |  1  2  3  4 |
---------------+-------------+-----
Unarmed Combat | 4 5 |  5.9
Transmutations | 3 4 |  4.8
Fighting       | |  1.1
Dodging        | |  2.6
Spellcasting   | |  2.0

Action                   |  1- 3 |  4- 6 || total
-------------------------+-------+-------++-------
Melee: Unarmed           |    79 |    66 ||   145
       Headbutt          |    15 |     9 ||    24
       Punch             |     2 |       ||     2
Throw: Stone             |    11 |    12 ||    23
 Cast: Beastly Appendage |    23 |    10 ||    33
       Sticks to Snakes  |     2 |     5 ||     7
 Stab: Distracted        |       |     1 ||     1
       Sleeping          |       |     1 ||     1
  Eat: Chunk             |     2 |     4 ||     6
Armor: Robe              |    18 |     8 ||    26
Dodge: Dodged            |    48 |    32 ||    80
